 Dungeon Crawl Stone Soup version 0.24.0-123-gd5b16e6ec5 (webtiles) character file.

Game seed: 5726983467531950879, levelgen mode: deterministic

30762 Bergy the Peltast (level 13, -7/72 HPs)
             Began as a Gargoyle Fighter on Dec 31, 2019.
             Was an Elder of Makhleb.
             Mangled by a death yak (16 damage)
             ... on level 6 of the Lair of Beasts.
             The game lasted 00:50:47 (17664 turns).

Bergy the Peltast (Gargoyle Fighter)               Turns: 17664, Time: 00:50:48

Health: -7/72      AC: 25    Str: 25    XL:     13   Next: 53%
Magic:  14/14      EV:  7    Int:  9    God:    Makhleb [****..]
Gold:   949        SH: 14    Dex:  9    Spells: 12/12 levels left

rFire    + . .     SeeInvis .   b - +5 mace (freeze)
rCold    . . .     Gourm    .   c - +0 shield
rNeg     + . .     Faith    +   F - +0 plate armour
rPois    ∞         Spirit   .   e - +1 hat
rElec    +         Reflect  .   o - scarf {repulsion}
rCorr    .         Harm     .   (no gloves)
MR       .....                  (no boots)
Stlth    ..........             q - amulet of faith
HPRegen  0.22/turn              j - ring of protection from fire
MPRegen  0.14/turn              (no ring)

@: hasted, repel missiles, very quick
A: negative energy resistance 1, electricity resistance, unbreathing,
petrification resistance, rot immunity, AC +9
a: Minor Destruction, Lesser Servant of Makhleb, Major Destruction, Renounce
Religion


You were on level 6 of the Lair of Beasts.
You worshipped Makhleb.
Makhleb was greatly pleased with you.
You were not hungry.

You visited 3 branches of the dungeon, and saw 16 of its levels.
You also visited: Sewer.

You collected 949 gold pieces.

Inventory:

Hand Weapons
 b - a +5 mace of freezing (weapon)
 u - a +2 flail of crushing
 C - a +3 flail of draining
Armour
 c - a +0 shield (worn)
 e - a +1 hat (worn)
 o - a scarf of repulsion (worn)
 F - a +0 plate armour (worn)
Jewellery
 j - a ring of protection from fire (left hand)
 q - an amulet of faith (around neck)
 H - an uncursed amulet of guardian spirit
Wands
 w - a wand of enslavement (22)
 D - a wand of flame (14)
 E - a wand of digging (6)
 L - a wand of iceblast (10)
Scrolls
 d - 2 scrolls of summoning {unknown}
 g - a scroll of fog {unknown}
 h - 6 scrolls of remove curse
 p - 4 scrolls of immolation
 s - 2 scrolls of enchant armour {unknown}
 t - 3 scrolls of enchant weapon
 x - a scroll of fear {unknown}
 y - 6 scrolls of teleportation
 B - a scroll of silence {unknown}
 J - a scroll of noise {unknown}
 K - 2 scrolls of magic mapping
 P - a scroll of vulnerability {unknown}
Potions
 a - a potion of cancellation {unknown}
 i - 2 potions of curing
 l - a potion of degeneration {unknown}
 m - 2 potions of berserk rage
 n - 3 potions of mutation
 r - 2 potions of magic
 v - 2 potions of agility {unknown}
 z - 3 potions of brilliance
 G - a potion of invisibility {unknown}
 I - 2 potions of haste
 M - a potion of ambrosia {unknown}
 N - a potion of flight {unknown}
Comestibles
 f - 26 rations
 k - 9 chunks of flesh


   Skills:
 + Level 4.6 Fighting
 - Level 14.3 Maces & Flails
 + Level 10.3 Armour
 * Level 15.4 Shields
 - Level 2.3 Invocations


You had 12 spell levels left.
You didn't know any spells.
Your spell library contained the following spells:

 Spells                   Type           Power        Failure   Level  Hunger
 Animate Skeleton         Necr           N/A          99%         1    ##.....
 Apportation              Tloc           #.....       99%         1    ##.....
 Confusing Touch          Hex            #.....       99%         1    ##.....
 Corona                   Hex            #......      99%         1    ##.....
 Summon Small Mammal      Summ           #...         99%         1    ##.....
 Ensorcelled Hibernation  Hex/Ice        #.....       99%         2    ###....
 Confuse                  Hex            #.......     100%        3    ####...
 Dazzling Spray           Conj/Hex       #.....       100%        3    ####...
 Tukima's Dance           Hex            #.......     100%        3    ####...


Dungeon Overview and Level Annotations

Branches:
Dungeon (9/15)             Temple (1/1) D:7            Lair (6/6) D:9
 Shoals (0/4) Lair:3       Spider (0/4) Lair:4          Orc (0/2) D:9
  Sewer (visited)
  Slime: Lair:5-6

Altars:
Ashenzari
Cheibriados
Dithmenos
Elyvilon
Fedhas
Gozag
Hepliaklqana
Kikubaaqudgha
Makhleb
Nemelex Xobeh
Okawaru
Qazlal
Ru
Sif Muna
Trog
Uskayaw
Vehumet
Wu Jian
Xom
Yredelemnul
Zin
The Shining One

Shops:
D:6 *   D:9 (

Annotations:
D:3 1 runed translucent door, DungeonDestroyer's ghost, amateur GnFi
D:5 3 runed translucent doors, Curus's ghost, novice MiAK; Curus's ghost, novice MiFi; Groucho's ghost, novice SpEn; nano's ghost, novice OpVM
D:6 3 runed translucent doors, kuniqs's ghost, novice DEWz
Lair:1 exclusion: oklob plant
Lair:3 exclusion: 4 oklob plants
Lair:5 exclusion: 2 oklob plants


Innate Abilities, Weirdness & Mutations

You are resistant to torment.
Your stone body is resilient. (AC +9)
You are immune to poison.
You resist negative energy. (rN+)
You are resistant to electric shocks. (rElec)
You can survive without breathing.
You are immune to petrification.
You are immune to rotting.


Message History

You thump the death yak! You freeze the death yak.
The death yak is heavily wounded.
The death yak gores you but does no damage.
Your hellwing hits the death yak. x2
The death yak gores you but does no damage.
You hit the death yak. You freeze the death yak.
The death yak is severely wounded.
The death yak gores your hellwing!
Your hellwing dies!
You block the death yak's attack.
The death yak bellows!
You hit the death yak. You freeze the death yak.
The death yak is severely wounded.
The death yak gores you!
A demon appears!
The death yak gores you but does no damage.
You block the death yak's attack. The death yak gores you!
* * * LOW HITPOINT WARNING * * *
You feel yourself speed up. The death yak gores you!
You die...

♣≈# ≈≈≈≈# ## P♣P≈≈P♣ .##
♣≈≈PPP♣♣ #.#####♣≈.PP.P#
8.8#..........# ###### #.#
.....P.P.....#####....###..P
8.8#............@Y..........
...........†...†YY..........
..............3.............
............................
..........÷.................
...###...÷††##.............Y
..## ####†.##.#.#......?....
### ######.###.......... #..
#..........


You could see 3 death yaks and a friendly smoke demon.

Vanquished Creatures
  Gastronok (Lair:2)
  5 hydras
  Erica (Lair:2)
  A death yak (Lair:6)
  A necromancer (Lair:3)
  Pikel (D:9)
  A lindwurm (Lair:6)
  4 black mambas
  4 spiny frogs
  5 komodo dragons
  A rime drake (Lair:6)
  A troll (D:9)
  Grinder (D:4)
  3 polar bears
  4 hippogriffs
  15 blink frogs
  9 dream sheep
  Sigmund (D:5)
  20 yaks
  A basilisk (Lair:5)
  A hungry ghost (D:7)
  Menkaure (D:4)
  Edmund (D:6)
  3 wargs (D:9)
  9 water moccasins
  Duvessa (D:5)
  5 hell hounds (Lair:6)
  4 porcupines
  A black bear (Lair:3)
  A hornet zombie (D:8)
  A slave (D:9)
  4 ice beasts
  5 orc warriors
  5 necrophages
  A phantom (D:9)
  3 ogres
  14 wolves
  A centaur (D:9)
  8 crocodiles
  A big kobold (D:7)
  Blork the orc (D:5)
  11 bullfrogs
  Dowan (D:5)
  A water moccasin skeleton (D:8)
  2 scorpions (D:8)
  13 wights
  5 killer bees (D:9)
  A howler monkey (D:5)
  An electric eel (Lair:2)
  3 crimson imps
  A bullfrog zombie (D:8)
  2 hounds
  4 orc priests
  A gnoll shaman (D:6)
  10 orc wizards
  3 bullfrog skeletons
  2 iguanas
  A polar bear simulacrum (Lair:3)
  13 worker ants
  3 wolf simulacra (Lair:3)
  4 yak simulacra (Lair:3)
  2 mummies (D:8)
  5 gnolls
  10 adders
  3 river rats (Sewer)
  A shadow imp (D:6)
  2 oozes
  An adder zombie (D:7)
  3 adder skeletons
  2 worms
  A dart slug (D:5)
  7 leopard geckos
  34 orcs
  6 giant cockroaches
  5 goblins
  3 hobgoblins
  8 jackals
  17 kobolds
  3 quokkas
  5 ball pythons
  A ball python skeleton (D:4)
  7 bats
  9 frilled lizards
  A quokka skeleton (D:5)
  12 rats
  3 river rat simulacra (Lair:3)
384 creatures vanquished.

Vanquished Creatures (collateral kills)
  An orb spider (Lair:4)
  A spiny frog (Lair:6)
  2 blink frogs
  A wolf (Lair:4)
  A crocodile (Lair:6)
6 creatures vanquished.

Vanquished Creatures (others)
  2 slaves (D:9)
  6 fungi
  10 plants
  2 withered plants (D:5)
20 creatures vanquished.

Grand Total: 410 creatures vanquished

Notes
Turn   | Place    | Note
-------+----------+-------------------------------------------
     0 | D:1      | Bergy the Gargoyle Fighter began the quest for the Orb.
     0 | D:1      | Reached XP level 1. HP: 14/14 MP: 1/1
   103 | D:1      | Reached XP level 2. HP: 19/19 MP: 2/2
   847 | D:2      | Reached XP level 3. HP: 20/23 MP: 3/3
  1135 | D:2      | Found an opulent altar of Gozag.
  1416 | D:2      | Reached XP level 4. HP: 28/28 MP: 4/4
  1882 | D:3      | Found a runed translucent door.
  1974 | D:3      | Found an ornate altar of the Wu Jian Council.
  2000 | D:3      | Noticed DungeonDestroyer's ghost (amateur GnFi)
  2297 | D:4      | Reached skill level 5 in Maces & Flails
  2297 | D:4      | Reached XP level 5. HP: 25/32 MP: 5/5
  2384 | D:4      | Noticed Grinder
  2384 | D:4      | Paralysed by Grinder for 3 turns
  2391 | D:4      | Paralysed by Grinder for 3 turns
  2416 | D:4      | Paralysed by Grinder for 5 turns
  2443 | D:4      | Paralysed by Grinder for 3 turns
  2450 | D:4      | Paralysed by Grinder for 2 turns
  2455 | D:4      | Killed Grinder
  2455 | D:4      | Reached XP level 6. HP: 11/37 MP: 6/6
  2809 | D:4      | Reached XP level 7. HP: 29/41 MP: 7/7
  3243 | D:4      | Noticed Menkaure
  3254 | D:4      | Killed Menkaure
  3648 | D:5      | Entered Level 5 of the Dungeon
  3738 | D:5      | Found a glowing drain.
  3748 | Sewer    | Entered a sewer
  4036 | Sewer    | Reached XP level 8. HP: 39/46 MP: 8/8
  4313 | D:5      | Noticed Duvessa
  4313 | D:5      | Noticed Dowan
  4354 | D:5      | Killed Duvessa
  4359 | D:5      | Killed Dowan
  4687 | D:5      | Noticed Blork the orc
  4715 | D:5      | Killed Blork the orc
  4862 | D:5      | Found a runed translucent gate.
  4862 | D:5      | Found a runed translucent gate.
  4862 | D:5      | Found a runed translucent gate.
  4862 | D:5      | Noticed Curus's ghost (novice MiAK)
  4863 | D:5      | Noticed Curus's ghost (novice MiFi)
  4863 | D:5      | Noticed Groucho's ghost (novice SpEn)
  4863 | D:5      | Noticed nano's ghost (novice OpVM)
  4962 | D:5      | Found a shimmering blue altar of Sif Muna.
  4992 | D:5      | Reached skill level 10 in Maces & Flails
  5065 | D:5      | Noticed Sigmund
  5084 | D:5      | Killed Sigmund
  5474 | D:5      | Found a sparkling altar of Nemelex Xobeh.
  5843 | D:6      | Noticed Edmund
  5874 | D:6      | Killed Edmund
  5883 | D:6      | Reached XP level 9. HP: 25/51 MP: 9/9
  6080 | D:6      | Found an opulent altar of Gozag.
  6118 | D:6      | Found Gozag's Platinum Reserve.
  6280 | D:6      | Found a runed translucent gate.
  6281 | D:6      | Found a runed translucent gate.
  6281 | D:6      | Found a runed translucent gate.
  6282 | D:6      | Noticed kuniqs's ghost (novice DEWz)
  6817 | D:7      | Paralysed by fainting for 12 turns
  7150 | D:7      | Found a staircase to the Ecumenical Temple.
  7258 | Temple   | Entered the Ecumenical Temple
  7458 | Temple   | Became a worshipper of Makhleb the Destroyer
  7749 | D:7      | Reached XP level 10. HP: 36/56 MP: 10/10
  8539 | D:8      | Reached * piety under Makhleb
  8954 | D:8      | Found a radiant altar of Vehumet.
  9623 | D:9      | Reached skill level 4 in Shields
  9962 | D:9      | Reached skill level 5 in Shields
 10013 | D:9      | Found Wull's Weapon Boutique.
 10028 | D:9      | Found a staircase to the Orcish Mines.
 10042 | D:9      | Reached ** piety under Makhleb
 10103 | D:9      | Noticed Pikel
 10131 | D:9      | Killed Pikel
 10188 | D:9      | Found a staircase to the Lair.
 10219 | D:9      | Reached skill level 5 in Armour
 10219 | D:9      | Reached skill level 6 in Shields
 10504 | D:9      | Reached XP level 11. HP: 60/60 MP: 11/11
 10737 | D:9      | Reached skill level 7 in Shields
 10900 | Lair:1   | Entered Level 1 of the Lair of Beasts
 11059 | Lair:1   | Reached skill level 8 in Shields
 11442 | Lair:1   | Noticed an oklob plant
 11894 | Lair:2   | Noticed Erica
 11899 | Lair:2   | Reached skill level 9 in Shields
 11979 | Lair:2   | Killed Erica
 11989 | Lair:2   | Noticed Gastronok
 12099 | Lair:2   | Killed Gastronok
 12099 | Lair:2   | Reached skill level 10 in Shields
 12611 | Lair:2   | Noticed an eight-headed hydra
 12627 | Lair:2   | Killed an eight-headed hydra
 12836 | Lair:1   | Reached skill level 11 in Shields
 13396 | Lair:2   | Reached XP level 12. HP: 64/64 MP: 12/12
 14092 | Lair:3   | Reached *** piety under Makhleb
 14139 | Lair:3   | Reached skill level 12 in Shields
 14212 | Lair:3   | Noticed an eight-headed hydra
 14232 | Lair:3   | Killed an eight-headed hydra
 14317 | Lair:3   | Found a staircase to the Shoals.
 14605 | Lair:3   | Noticed a seven-headed hydra
 14618 | Lair:3   | Killed a seven-headed hydra
 14812 | Lair:3   | Reached skill level 13 in Shields
 15223 | Lair:4   | Noticed an eight-headed hydra
 15242 | Lair:4   | Killed an eight-headed hydra
 15255 | Lair:4   | Reached skill level 1 in Invocations
 15299 | Lair:4   | Found a hole to the Spider Nest.
 15806 | Lair:5   | Noticed a seven-headed hydra
 15819 | Lair:5   | Killed a seven-headed hydra
 15872 | Lair:5   | Reached skill level 14 in Shields
 16257 | Lair:5   | Reached XP level 13. HP: 68/68 MP: 14/14
 17179 | Lair:6   | Entered Level 6 of the Lair of Beasts
 17366 | Lair:5   | Reached skill level 10 in Armour
 17388 | Lair:6   | Reached **** piety under Makhleb
 17436 | Lair:6   | Reached skill level 15 in Shields
 17664 | Lair:6   | Mangled by a death yak

Levels and vault maps discovered:
D:1:      evilmike_arrival_hilbert_curve, layout_basic, kennysheep_minor_cross,
          serial_bayou_pond_e, feat_on_display
D:2:      layout_loops_ring, lemuel_coloured_pillars_altar, dk_vineyard_3,
          lexackson_kobold_supper
D:3:      layout_basic, lemuel_crystal_altar, ebering_ghost_sewer_d,
          first_ration, chequers_garden, chequers_serial_rivers_small_b
D:4:      layout_loops_ring, uniq_menkaure, uniq_grinder
D:5:      layout_gridville, kennysheep_mini_moat, gammafunk_ghost_cemetery,
          gup_sewer_entry_bubbles, nemelex_dance_club_becter, uniq_sigmund,
          uniq_duvessa, uniq_blork_the_orc
D:6:      layout_rooms, ebering_ghost_rock_garden,
          nicolae_gozag_zags_fifth_avenue, uniq_edmund
D:7:      layout_loops_cross, temple_doors_e, dk_rats_in_the_wall
D:8:      layout_cave_pools, vehumet_altar_wand_db, serial_undead,
          serial_undead_e, serial_undead_b, serial_undead_a, serial_undead_d
D:9:      layout_big_octagon, erik_lair_orcish_takeover, david_orc_2,
          serial_shops, shop, serial_co_window_serial, co_window_corner_a,
          co_window_paths_a, co_window_corner_a, co_window_paths_a,
          co_window_corner_a, co_window_corner_a, co_window_corner_a,
          co_window_2corner, co_window_broadway_c, co_window_corner_b,
          co_window_4corner_a, glass_columns_b, uniq_pikel
Temple:   eino_narrow_crystal_temple
Lair:1:   layout_roguey
Lair:2:   layout_hall_layers, serial_bayou_shore_b, serial_bayou_shore_b,
          serial_bayou_shore_a, uniq_gastronok, uniq_erica
Lair:3:   layout_regular_city, elwin_shoals_entry_rooms, eino_house_with_fridge,
          minmay_lair_oklob_chamber
Lair:4:   layout_misc_corridors, nicolae_spider_entry_orb_guardian, st_stairs_7,
          serial_bayou_crossing
Lair:5:   layout_roguey, minmay_slime_entry_oklob_enclosed
Lair:6:   cheibrodos_lair_end_hotspot, layout_regular_city,
          small_statue_intersection, serial_bayou_shore_b

Skill      XL: |  1  2  3  4  5  6  7  8  9 10 11 12 13 |
---------------+----------------------------------------+-----
Maces & Flails | 3 4 5 6 7 9 11 13 14 | 14.3
Shields        | 6 11 14 15 | 15.4
Armour         | 5 7 9 10 | 10.3
Invocations    | 2 |  2.3
Fighting       | 4 |  4.6

Action                   |  1- 3 |  4- 6 |  7- 9 | 10-12 | 13-15 || total
-------------------------+-------+-------+-------+-------+-------++-------
Melee: Flail             |   128 |   109 |   402 |       |       ||   639
       Mace              |       |       |   130 |   989 |   285 ||  1404
Invok: Lesser Servant of |       |       |       |    10 |     4 ||    14
  Use: Scroll            |       |     1 |     6 |     8 |     1 ||    16
       Potion            |       |     2 |     5 |    12 |     3 ||    22
 Stab: Distracted        |       |       |       |     1 |       ||     1
  Eat: Chunk             |     1 |     5 |    13 |    20 |     2 ||    41
       Ration            |       |       |     2 |     3 |     1 ||     6
Armor: Scale mail        |    75 |    61 |   171 |       |       ||   307
       Chain mail        |       |       |   101 |   157 |       ||   258
       Plate armour      |       |       |       |   394 |   147 ||   541
Dodge: Dodged            |    35 |    24 |   110 |   195 |    58 ||   422
       Deflected         |       |       |       |       |     1 ||     1
Block: Shield            |    77 |    44 |   199 |   549 |   174 ||  1043
